[Event "Team 45 45 League T63"]
[Site "Internet Chess Club"]
[Date "2015.01.10"]
[Round "6"]
[White "Lachesis"]
[Black "parrot9"]
[Result "1-0"]
[WhiteElo "1559"]
[BlackElo "1628"]
[Opening "Sicilian: Canal-Sokolsky (Nimzovich-Rossolimo, Moscow) attack"]
[ECO "B51"]
[Time "09:03:18"]
[TimeControl "2700+45"]

1. e4 c5 2. Nf3 d6 3. Bb5+ Nd7 4. d4 cxd4 5. Qxd4 a6 6. Bxd7+ Bxd7 7. c4 e6 8.
O-O Bc6 9. Rd1 Qc7 10. Nc3 Nf6 11. Qd3 Be7 12. Bf4 O-O 13. Bxd6 Bxd6 14. Qxd6
Qxd6 15. Rxd6 Nxe4 16. Nxe4 Bxe4 17. Ne5 Rac8 18. f3 Bc6 19. b3 Rfe8 20. Rad1
Kf8 21. Kf2 f6 22. Nxc6 Rxc6 23. Rxc6 bxc6 24. Rd6 Rc8 25. Rxe6 Kf7 26. Rd6 Ke7
27. c5 a5 28. Ke3 a4 29. b4 a3 30. Kd4 Rb8 31. Kc3 Kf7 32. Rxc6 Re8 33. Rc7+ Kg6
34. b5 Re2 35. b6 Rxa2 36. Ra7 Ra1 37. b7 Rb1 38. c6 Rc1+ 39. Kd2 Rb1 40. c7
Rxb7 41. Rxb7 {Black resigns} 1-0

[Event "Team 45 45 League T63"]
[Site "Internet Chess Club"]
[Date "2015.01.11"]
[Round "6"]
[White "Invicta-Knight"]
[Black "drsigmund1"]
[Result "1-0"]
[WhiteElo "1520"]
[BlackElo "1491"]
[Opening "French: exchange variation"]
[ECO "C01"]
[Time "06:26:26"]
[TimeControl "2700+45"]

1. e4 e6 2. d4 d5 3. exd5 exd5 4. Nc3 Bb4 5. Bd2 c6 6. Bd3 Ne7 7. Nf3 Bg4 8. h3
Bh5 9. Qe2 Qb6 10. O-O-O O-O 11. Na4 Bxd2+ 12. Rxd2 Qa5 13. Nc3 Ng6 14. g4 Nf4
15. Bxh7+ Kxh7 16. Qe5 Nd3+ 17. Rxd3 Bg6 18. Re3 Nd7 19. Qe7 Nf6 20. a3 b5 21.
Qb4 Qc7 22. Rhe1 Qf4 23. Ne2 a5 24. Qe7 Qb8 25. Ne5 Re8 26. Qc5 Ne4 27. Rxe4
Bxe4 28. Nxf7 Kg8 29. Ng5 Bg6 30. Qxc6 Qd8 {Black resigns} 1-0

[Event "Team 45 45 League T63"]
[Site "Internet Chess Club"]
[Date "2015.01.13"]
[Round "6"]
[White "Bryant-L"]
[Black "AVEMARIA"]
[Result "1-0"]
[WhiteElo "1741"]
[BlackElo "1639"]
[Opening "Caro-Kann: classical variation"]
[ECO "B18"]
[Time "17:41:25"]
[TimeControl "2700+45"]

1. e4 c6 2. d4 d5 3. Nc3 dxe4 4. Nxe4 Bf5 5. Ng3 Bg6 6. Bf4 e6 7. Nf3 Nd7 8. Bd3
Bxd3 9. Qxd3 Ngf6 10. O-O Be7 11. Rad1 Nd5 12. Bd2 O-O 13. c4 N5f6 14. Bc3 Qc7
15. Ne5 Rad8 16. f4 g6 17. Ne4 Nxe4 18. Qxe4 Bf6 19. g4 Nxe5 20. dxe5 Bg7 21.
Kg2 Rxd1 22. Rxd1 Rd8 23. Rxd8+ Qxd8 24. Qd4 Qxd4 25. Bxd4 a6 26. Kf3 Kf8 27.
Ke4 Ke8 28. Bc5 Bf8 29. Bxf8 Kxf8 30. Kd4 b6 31. c5 b5 32. Kc3 a5 33. h4 h5 34.
gxh5 gxh5 35. Kd3 Ke7 36. Ke4 f6 37. f5 Kf7 38. Kf4 exf5 39. Kxf5 fxe5 40. Kxe5
Ke7 41. Kf5 b4 42. Kg5 Ke6 43. Kxh5 Kd5 44. Kg4 Kxc5 45. h5 {Black resigns} 1-0

[Event "Team 45 45 League T63"]
[Site "Internet Chess Club"]
[Date "2015.01.10"]
[Round "6"]
[White "Egmont"]
[Black "pokerram"]
[Result "1-0"]
[WhiteElo "1806"]
[BlackElo "1603"]
[Opening "Queen's pawn: London system"]
[ECO "A45"]
[Time "10:00:54"]
[TimeControl "2700+45"]

1. d4 Nf6 2. Bf4 g6 3. e3 Bg7 4. Nf3 d6 5. Be2 O-O 6. O-O Nh5 7. Bg5 h6 8. Bh4
Nf6 9. h3 g5 10. Bg3 Ne4 11. Bh2 Nd7 12. Nbd2 Ndf6 13. c4 Bf5 14. Rc1 Qd7 15.
Nxe4 Nxe4 16. Bd3 Rfe8 17. Qc2 d5 18. Ne5 Bxe5 19. Bxe5 Bxh3 20. Bxe4 dxe4 21.
gxh3 Qxh3 22. Qxe4 f5 23. Qg2 Qh5 24. Bxc7 Kh7 25. f3 f4 26. e4 Rg8 27. Qg4 Qg6
28. Kf2 Rae8 29. Be5 Ref8 30. Rh1 Qb6 31. Rc2 Rg6 32. c5 Qa6 33. a3 Qd3 34. Re2
Qc4 35. Qd7 Qb3 36. Qxe7+ Rf7 37. Qe8 Rg8 38. Rxh6+ Kxh6 39. Qxg8 Qe6 40. Kg1
{Black resigns} 1-0

[Event "Team 45 45 League T63"]
[Site "Internet Chess Club"]
[Date "2015.01.08"]
[Round "6"]
[White "ToniMostarda"]
[Black "Kingofknights"]
[Result "1-0"]
[WhiteElo "1659"]
[BlackElo "1642"]
[Opening "Caro-Kann: Tartakower (fantasy) variation"]
[ECO "B12"]
[Time "19:30:36"]
[TimeControl "2700+45"]

1. e4 c6 2. d4 d5 3. f3 dxe4 4. fxe4 e6 5. Nf3 Nf6 6. Bd3 c5 7. O-O cxd4 8. Nbd2
Nc6 9. Nc4 Qc7 10. e5 Nd5 11. Ng5 f5 12. exf6 Nxf6 13. Ne4 Nxe4 14. Bxe4 Be7 15.
Bf4 Qd7 16. Qh5+ Kd8 17. Bxc6 Qxc6 18. Ne5 {Black resigns} 1-0

[Event "Team 45 45 League T63"]
[Site "Internet Chess Club"]
[Date "2015.01.07"]
[Round "6"]
[White "tightfist"]
[Black "idjit"]
[Result "0-1"]
[WhiteElo "1425"]
[BlackElo "1606"]
[Opening "English opening"]
[ECO "A05"]
[Time "11:02:20"]
[TimeControl "2700+45"]

1. Nf3 Nf6 2. c4 e6 3. Nc3 d5 4. e3 Bb4 5. Qa4+ Nc6 6. Ne5 Bxc3 7. Nxc6 Bxd2+ 8.
Bxd2 bxc6 9. Qxc6+ Bd7 10. Qa6 Ne4 11. Bd3 Nxd2 12. Kxd2 Qf6 13. Qb7 Qxf2+ 14.
Be2 O-O 15. Qxc7 dxc4 16. Qxc4 Rfd8 17. Rhf1 Bb5+ 18. Kc1 Qxe2 19. Qxe2 Bxe2 20.
Kc2 Rac8+ 21. Kb3 Rc6 22. Rf4 Rd3+ 23. Kb4 Rb6+ 24. Ka4 Rxb2 25. Rc4 g5 26. Rc8+
Kg7 27. e4 Bd1+ 28. Ka5 Ra3# {White checkmated} 0-1

[Event "Team 45 45 League T63"]
[Site "Internet Chess Club"]
[Date "2015.01.11"]
[Round "6"]
[White "gyu123987kool"]
[Black "nanning"]
[Result "1-0"]
[WhiteElo "1754"]
[BlackElo "1556"]
[Opening "Sicilian: Najdorf, Byrne (English) attack"]
[ECO "B90"]
[Time "12:03:37"]
[TimeControl "2700+45"]

1. e4 c5 2. Nf3 d6 3. d4 cxd4 4. Nxd4 Nf6 5. Nc3 a6 6. Be3 e5 7. Nb3 Be6 8. f3
Be7 9. Qd2 h5 10. h3 h4 11. O-O-O Nbd7 12. Rg1 b5 13. Kb1 b4 14. Nd5 Bxd5 15.
exd5 a5 16. Nc1 Nb6 17. Bb5+ Kf8 18. Bc6 Nc4 19. Qd3 Nxe3 20. Qxe3 Rb8 21. Nb3
Qc7 22. f4 Rh5 23. g4 hxg3 24. Qxg3 {Black resigns} 1-0

[Event "Team 45 45 League T63"]
[Site "Internet Chess Club"]
[Date "2015.01.09"]
[Round "6"]
[White "chessnow"]
[Black "seattleblues"]
[Result "1/2-1/2"]
[WhiteElo "1740"]
[BlackElo "1426"]
[Opening "Caro-Kann: advance variation"]
[ECO "B12"]
[Time "22:00:13"]
[TimeControl "2700+45"]

1. e4 c6 2. d4 d5 3. e5 Bf5 4. Nf3 e6 5. Be2 Ne7 6. O-O Bg6 7. c3 Nf5 8. Nbd2
Nd7 9. Nb3 Be7 10. Bf4 O-O 11. Qd2 c5 12. dxc5 Nxc5 13. Nxc5 Bxc5 14. Nd4 Nxd4
15. cxd4 Be7 16. Be3 Rc8 17. Rac1 h6 18. f4 Qb6 19. a3 Rc7 20. b4 Rfc8 21. Rxc7
Rxc7 22. Bd3 Bxd3 23. Qxd3 Rc4 24. Rc1 Rxc1+ 25. Bxc1 Qc6 26. Bb2 a6 27. Qc3
Qxc3 28. Bxc3 b5 29. Kf2 Kh7 30. g3 Kg6 31. Kf3 f5 32. Be1 h5 33. h4 Kf7 34. Ke3
g6 35. Kd3 Ke8 36. Kc3 Kd7 37. Kb3 Kc6 38. a4 Bf8 39. a5 Be7 40. Kc3 Bf8 41. Kb3
Be7 42. Kc3 Bf8 43. Kb3 Be7 44. Kc3 {Game drawn by repetition} 1/2-1/2

[Event "Team 45 45 League T63"]
[Site "Internet Chess Club"]
[Date "2015.01.12"]
[Round "6"]
[White "tammany"]
[Black "fishhead"]
[Result "0-1"]
[WhiteElo "1770"]
[BlackElo "1911"]
[Opening "Nimzo-Indian: classical, Noa variation, main line, 7.Qc2"]
[ECO "E37"]
[Time "17:07:59"]
[TimeControl "2700+45"]

1. d4 Nf6 2. c4 e6 3. Nc3 Bb4 4. Qc2 d5 5. a3 Bxc3+ 6. Qxc3 Ne4 7. Qc2 O-O 8.
Bf4 c6 9. e3 f5 10. Bd3 Qe7 11. c5 g5 12. Be5 Nd7 13. Bxe4 Nxe5 14. Bxd5 exd5
15. dxe5 Qxe5 16. Nf3 Qf6 17. O-O g4 18. Nd4 f4 19. Rad1 f3 20. gxf3 gxf3 21.
Kh1 Bh3 {White resigns} 0-1

[Event "Team 45 45 League T63"]
[Site "Internet Chess Club"]
[Date "2015.01.09"]
[Round "6"]
[White "no2"]
[Black "Constrictor"]
[Result "1-0"]
[WhiteElo "1738"]
[BlackElo "1649"]
[Opening "QGD semi-Slav: 5...Nd7"]
[ECO "D45"]
[Time "18:00:51"]
[TimeControl "2700+45"]

1. d4 c6 2. c4 d5 3. e3 Nf6 4. Nc3 e6 5. Nf3 Nbd7 6. cxd5 exd5 7. Bd3 Bb4 8. Bd2
O-O 9. O-O Re8 10. Rc1 Bxc3 11. Bxc3 Ne4 12. Be1 Ndf6 13. Nd2 Bf5 14. Nxe4 Bxe4
15. Be2 Qd7 16. f3 Bg6 17. Bf2 Re7 18. Qd2 Rae8 19. Rc3 Nh5 20. Rfc1 f5 21. f4
Nf6 22. Bf3 Bh5 23. Qe2 Bxf3 24. gxf3 Nh5 25. Qf1 Re6 26. Qh3 Rg6+ 27. Kh1 Qf7
28. Rg1 Ree6 29. Rcc1 Rh6 30. Qf1 Reg6 31. Qd3 Qe6 32. b4 Nf6 33. b5 Ne4 34.
fxe4 fxe4 35. Rxg6 Qxg6 36. Qf1 Qh5 37. Qg2 Rg6 38. Bg3 Qg4 39. bxc6 bxc6 40.
Rf1 h5 41. f5 Rf6 42. Be5 Qxg2+ 43. Kxg2 Rf8 44. f6 gxf6 45. Rxf6 Rxf6 46. Bxf6
Kf7 47. Be5 Kg6 48. Kg3 Kf5 49. Bc7 Kg5 50. Bf4+ Kf5 51. Kh4 Kg6 52. a4 a6 53.
a5 {Black resigns} 1-0

[Event "Team 45 45 League T63"]
[Site "Internet Chess Club"]
[Date "2015.01.09"]
[Round "6"]
[White "elessar"]
[Black "lilith"]
[Result "0-1"]
[WhiteElo "1578"]
[BlackElo "1486"]
[Opening "Ruy Lopez: old Steinitz defense"]
[ECO "C62"]
[Time "18:00:17"]
[TimeControl "2700+45"]

1. e4 e5 2. Nf3 Nc6 3. Bb5 d6 4. h3 Bd7 5. c3 Nf6 6. d3 Be7 7. Bg5 O-O 8. O-O h6
9. Bh4 Nh7 10. Bxe7 Qxe7 11. Nbd2 f5 12. Bc4+ Be6 13. Bxe6+ Qxe6 14. Qb3 Qxb3
15. axb3 Rad8 16. exf5 Rxf5 17. Ne4 g5 18. Ng3 Rf7 19. Nd2 Nf8 20. Rae1 Ng6 21.
Nh5 Nf4 22. Nxf4 Rxf4 23. Re4 Rf7 24. Re2 Rdf8 25. Re3 Rf5 26. Rf3 Ne7 27. Rxf5
Rxf5 28. Re1 Nd5 29. g3 Kg7 30. Kg2 Kg6 31. Ra1 a6 32. Ra5 e4 33. Kg1 exd3 34.
g4 Re5 35. Nf3 Re2 36. Rxd5 Rxb2 37. b4 b6 38. Rxd3 a5 39. bxa5 bxa5 40. Rd5 a4
41. Ra5 Ra2 42. Nd4 Kf6 43. Kg2 c5 44. Nf5 Ke5 45. c4 a3 46. Kf3 Ra1 47. Kg2 Rc1
48. Ne3 Rc3 49. Kf3 Kd4 50. Ra4 Kd3 51. Kg2 Kd2 52. Nd5 Rb3 53. Ne3 Kc1 54. Nf5
Kb1 55. Nxd6 a2 56. Nf5 a1=Q 57. Rxa1+ Kxa1 58. Nxh6 Rc3 59. Nf5 Rxc4 60. Ne3
Ra4 61. Kg3 c4 62. Nxc4 Rxc4 63. h4 gxh4+ 64. Kxh4 Kb2 65. Kg3 Kc3 66. g5 Kd3
67. f4 Ke4 68. g6 Kf5 69. g7 Rc8 {White resigns} 0-1

[Event "Team 45 45 League T63"]
[Site "Internet Chess Club"]
[Date "2015.01.10"]
[Round "6"]
[White "arconia"]
[Black "Gilguli"]
[Result "0-1"]
[WhiteElo "1295"]
[BlackElo "1417"]
[Opening "Sicilian"]
[ECO "B50"]
[Time "14:03:27"]
[TimeControl "2700+45"]

1. e4 c5 2. Nf3 d6 3. Be2 Nf6 4. Nc3 b6 5. O-O Bb7 6. e5 dxe5 7. Nxe5 a6 8. d3
e6 9. b3 Bd6 10. f4 O-O 11. Bb2 Qc7 12. Ng4 Nxg4 13. Bxg4 Bxf4 14. Rxf4 Qxf4 15.
Qe2 Nd7 16. Rf1 Qe5 17. Qf2 Nf6 18. Be2 Rad8 19. Nd1 Qg5 20. Ne3 Nd5 21. Ng4 f5
22. Ne5 Nf4 23. Nf3 Nh3+ {White resigns} 0-1

[Event "Team 45 45 League T63"]
[Site "Internet Chess Club"]
[Date "2015.01.10"]
[Round "6"]
[White "fireball"]
[Black "smyslovVchess"]
[Result "1-0"]
[WhiteElo "1657"]
[BlackElo "1683"]
[Opening "Philidor: exchange variation"]
[ECO "C41"]
[Time "18:02:50"]
[TimeControl "2700+45"]

1. e4 e5 2. Nf3 d6 3. d4 exd4 4. Bc4 Be7 5. c3 Nf6 6. Qxd4 Nc6 7. Qd3 O-O 8. O-O
Ne5 9. Nxe5 dxe5 10. Qe2 c6 11. Bg5 Qc7 12. Nd2 h6 13. Bh4 Ng4 14. Bg3 Bg5 15.
Nf3 Bf4 16. h3 Nf6 17. Bh4 g5 18. Bg3 Qb6 19. Bxf4 exf4 20. e5 Nd5 21. Qe4 Be6
22. Bd3 f5 23. exf6 Rxf6 24. Qh7+ Kf8 {Black resigns} 1-0

[Event "Team 45 45 League T63"]
[Site "Internet Chess Club"]
[Date "2015.01.10"]
[Round "6"]
[White "hudson"]
[Black "Skeptic1972"]
[Result "0-1"]
[WhiteElo "1599"]
[BlackElo "1581"]
[Opening "Evans gambit: Lasker defense"]
[ECO "C52"]
[Time "13:00:09"]
[TimeControl "2700+45"]

1. e4 e5 2. Bc4 Nc6 3. Nf3 Bc5 4. b4 Bxb4 5. c3 Ba5 6. O-O d6 7. d4 Bb6 8. h3
Nf6 9. Re1 O-O 10. Bg5 h6 11. Bc1 Re8 12. a4 exd4 13. cxd4 Rxe4 14. Rxe4 Nxe4
15. Qb3 Qf6 16. Bb2 Na5 17. Qc2 Nxc4 18. Qxc4 Be6 19. Qc2 d5 20. a5 Rc8 21. Nbd2
Nxd2 22. Qxd2 Bxh3 23. Ne5 Be6 24. Ra3 Bxd4 25. Bxd4 c5 26. Rf3 Qh4 27. Be3 d4
28. Bf4 g5 29. Bg3 Qe4 30. Qd3 Qe1+ 31. Kh2 Qxa5 32. Rf6 c4 33. Qe4 Qd5 34. Qe2
Kg7 35. Rxh6 Kxh6 36. Ng4+ Bxg4 37. Qxg4 f5 38. Qh3+ Kg6 39. f3 d3 40. Be1 d2
{White resigns} 0-1

[Event "Team 45 45 League T63"]
[Site "Internet Chess Club"]
[Date "2015.01.08"]
[Round "6"]
[White "Insan996"]
[Black "alexine"]
[Result "1-0"]
[WhiteElo "1561"]
[BlackElo "1485"]
[Opening "QGD: 4.Nf3"]
[ECO "D37"]
[Time "15:10:22"]
[TimeControl "2700+45"]

1. d4 d5 2. c4 e6 3. Nc3 Nf6 4. Nf3 Nc6 5. Bg5 Be7 6. e3 h6 7. Bh4 Ne4 8. Bxe7
Qxe7 9. Rc1 Bd7 10. Bd3 f5 11. O-O g5 12. cxd5 exd5 13. Nxd5 Qd6 14. Nxc7+ Qxc7
15. d5 g4 16. dxc6 Bxc6 17. Nd4 O-O-O 18. Ne6 Qf7 19. Nxd8 Rxd8 20. Qe2 Qd5 21.
Bc4 Qe5 22. Rfd1 Rxd1+ 23. Rxd1 h5 24. Qd3 Qe7 25. Qd4 Ng5 26. Qxa7 f4 27. Qa8+
Kc7 28. Qa5+ Kc8 29. Qf5+ Kc7 30. Qxf4+ Kc8 31. Qd6 Qe8 32. Bd5 Bxd5 33. Qxd5
Ne6 34. Qe5 {Black resigns} 1-0

[Event "Team 45 45 League T63"]
[Site "Internet Chess Club"]
[Date "2015.01.11"]
[Round "6"]
[White "BrianWood"]
[Black "Ajolote"]
[Result "0-1"]
[WhiteElo "1495"]
[BlackElo "1696"]
[Opening "Ruy Lopez: closed, Averbach variation"]
[ECO "C79"]
[Time "19:00:36"]
[TimeControl "2700+45"]

1. e4 e5 2. Nf3 Nc6 3. Bb5 a6 4. Ba4 Nf6 5. O-O d6 6. Re1 Be7 7. c3 O-O 8. h3
Bd7 9. d4 b5 10. Bc2 a5 11. Nbd2 a4 12. Nf1 h6 13. Ne3 Qc8 14. Nf5 Bxf5 15. exf5
exd4 16. Nxd4 Nxd4 17. cxd4 Re8 18. Qd3 c6 19. Qf3 d5 20. Bf4 Qd7 21. Re3 Bb4
22. a3 Rxe3 23. Bxe3 Ba5 24. g4 Re8 25. g5 hxg5 26. Bxg5 Ne4 27. Bxe4 Rxe4 28.
Bh6 gxh6 29. f6 Qd6 30. Qg2+ Kf8 31. Qg7+ Ke8 32. f3 Re2 33. Kf1 Rxb2 34. Qxh6
Qe6 35. Kg1 Qe2 {White resigns} 0-1

[Event "Team 45 45 League T63"]
[Site "Internet Chess Club"]
[Date "2015.01.09"]
[Round "6"]
[White "SaltofLife"]
[Black "laurenpar"]
[Result "0-1"]
[WhiteElo "1951"]
[BlackElo "1968"]
[Opening "French: Two knights variation"]
[ECO "C00"]
[Time "05:39:45"]
[TimeControl "2700+45"]

1. e4 e6 2. Nf3 d5 3. Nc3 Nf6 4. e5 Nfd7 5. d4 c5 6. dxc5 Bxc5 7. Bd3 Nc6 8. Qe2
f6 9. exf6 Nxf6 10. Bf4 a6 11. Ne5 O-O 12. O-O-O Qa5 13. Nxc6 bxc6 14. Be5 Ra7
15. a3 Be7 16. Nb1 c5 17. c3 Bd7 18. g4 Qb6 19. f4 c4 20. Bc2 Rb7 21. g5 Qxb2+
22. Kd2 Ne4+ 23. Ke1 Nc5 24. Qh5 Qxc2 {White resigns} 0-1

[Event "Team 45 45 League T63"]
[Site "Internet Chess Club"]
[Date "2015.01.12"]
[Round "6"]
[White "CuatroPrincesas"]
[Black "Logic"]
[Result "1-0"]
[WhiteElo "2168"]
[BlackElo "1976"]
[Opening "Sicilian: Pelikan, Chelyabinsk variation"]
[ECO "B33"]
[Time "16:00:24"]
[TimeControl "2700+45"]

1. e4 c5 2. Nf3 Nc6 3. d4 cxd4 4. Nxd4 Nf6 5. Nc3 e5 6. Ndb5 d6 7. Bg5 a6 8. Na3
b5 9. Nd5 Qa5+ 10. Bd2 Qd8 11. Bg5 Qa5+ 12. Bd2 Qd8 13. Nxf6+ Qxf6 14. Bd3 Qg6
15. O-O Be7 16. c4 Bg4 17. f3 Bh3 18. Rf2 Bh4 19. Re2 Nd4 20. Kh1 Bd7 21. cxb5
axb5 22. Bc3 Nxe2 23. Qxe2 O-O 24. Bxb5 Bxb5 25. Nxb5 f5 26. exf5 Rxf5 27. Qc4+
Kh8 28. Qxh4 Rf4 29. Qe7 h5 30. Qxd6 Rf6 31. Qd5 Raf8 32. Bxe5 Rf5 33. f4 h4 34.
Nd4 Rh5 35. Qe6 Qd3 36. h3 {Black resigns} 1-0

[Event "Team 45 45 League T63"]
[Site "Internet Chess Club"]
[Date "2015.01.10"]
[Round "6"]
[White "chessfish1"]
[Black "SlimeDog2"]
[Result "1/2-1/2"]
[WhiteElo "1951"]
[BlackElo "2017"]
[Opening "Four knights: Rubinstein counter-gambit"]
[ECO "C48"]
[Time "14:01:36"]
[TimeControl "2700+45"]

1. e4 e5 2. Nf3 Nc6 3. Bb5 Nf6 4. Nc3 Nd4 5. Ba4 Bc5 6. Nxe5 O-O 7. Nd3 Bb6 8.
e5 Ne8 9. Nd5 d6 10. Ne3 c5 11. c3 Nf5 12. O-O Nxe3 13. dxe3 c4 14. Nb4 dxe5 15.
Qxd8 Bxd8 16. e4 Nf6 17. Re1 Be6 18. Bg5 a5 19. Nd5 Nxd5 20. exd5 Bxd5 21. Rxe5
Be6 22. Be3 Bc7 23. Rb5 Bd7 24. Rxb7 Bxh2+ 25. Kxh2 Bxa4 26. b3 Bc6 27. Rb6 Bd5
28. Rd1 Be6 29. Rdd6 {Game drawn by mutual agreement} 1/2-1/2

[Event "Team 45 45 League T63"]
[Site "Internet Chess Club"]
[Date "2015.01.10"]
[Round "6"]
[White "Goli"]
[Black "willhelm"]
[Result "0-1"]
[WhiteElo "1872"]
[BlackElo "1938"]
[Opening "Ruy Lopez: exchange, Gligoric variation"]
[ECO "C69"]
[Time "16:00:45"]
[TimeControl "2700+45"]

1. e4 e5 2. Nf3 Nc6 3. Bb5 a6 4. Bxc6 dxc6 5. O-O f6 6. h3 c5 7. c3 Ne7 8. d4
cxd4 9. cxd4 exd4 10. Qxd4 Qxd4 11. Nxd4 Bd7 12. Be3 Nc6 13. Nxc6 Bxc6 14. f3
Bd6 15. Nc3 O-O 16. Rac1 Rfe8 17. Kf2 h5 18. h4 Rad8 19. Rfd1 Kf7 20. a3 g6 21.
Rd2 Be5 22. Rxd8 Rxd8 23. Rc2 Be8 24. Rd2 Rxd2+ 25. Bxd2 c5 26. f4 Bb8 27. Be3
c4 28. g3 b5 29. Bb6 Bc6 30. Ke3 g5 31. hxg5 fxg5 32. Kf3 h4 33. gxh4 gxh4 34.
Kg4 h3 35. Bg1 a5 36. Kxh3 Bxf4 37. Bd4 Ke6 38. Kg4 Be5 39. Bb6 b4 40. axb4 axb4
41. Nd1 Bxe4 42. Ne3 c3 43. bxc3 b3 44. Nc4 Bxc3 45. Kf4 Bd3 46. Na3 Bb4 47. Ke3
Bg6 48. Nc4 Kd5 49. Nb2 Ba3 50. Bd4 Be7 51. Bc3 Bg5+ 52. Kf3 Bh5+ 53. Kf2 Ke4
54. Bg7 Bh4+ 55. Kg2 Be2 56. Kh3 Be1 57. Kg2 Bb5 58. Bf6 Ke3 59. Bg5+ Ke2 60.
Bf6 Kd2 61. Kf3 Kc2 62. Ke3 Bd2+ 63. Ke4 Bc3 64. Bxc3 Kxc3 65. Nd1+ Kd2 66. Nb2
Kc2 {White resigns} 0-1

[Event "Team 45 45 League T63"]
[Site "Internet Chess Club"]
[Date "2015.01.11"]
[Round "6"]
[White "spand42"]
[Black "SlimeDog2"]
[Result "1/2-1/2"]
[WhiteElo "1938"]
[BlackElo "2029"]
[Opening "Ruy Lopez: Berlin defense, open variation"]
[ECO "C67"]
[Time "16:16:42"]
[TimeControl "2700+45"]

1. e4 e5 2. Nf3 Nc6 3. Bb5 Nf6 4. O-O Nxe4 5. d4 Nd6 6. Bxc6 dxc6 7. dxe5 Nf5 8.
Qxd8+ Kxd8 9. h3 h5 10. Nc3 Ke8 11. Bf4 Be7 12. Rad1 Be6 13. Ng5 Rh6 14. Rfe1
Rd8 15. Rxd8+ Bxd8 16. Nxe6 Rxe6 17. Ne4 Be7 18. Ng5 Rg6 19. Nf3 c5 20. c3 Kd7
21. g3 {Game drawn by mutual agreement} 1/2-1/2

[Event "Team 45 45 League T63"]
[Site "Internet Chess Club"]
[Date "2015.01.10"]
[Round "6"]
[White "sharky123"]
[Black "az2112"]
[Result "1-0"]
[WhiteElo "1809"]
[BlackElo "1629"]
[Opening "Scotch game"]
[ECO "C45"]
[Time "21:01:12"]
[TimeControl "2700+45"]

1. e4 e5 2. Nf3 Nc6 3. d4 exd4 4. Nxd4 Nge7 5. Nc3 d6 6. Be3 Nxd4 7. Bxd4 Nc6 8.
Be3 Be7 9. Bc4 Be6 10. Bxe6 fxe6 11. Qh5+ g6 12. Qf3 e5 13. Nd5 Rf8 14. Qh3 Rf7
15. O-O-O Qd7 16. Qxd7+ Kxd7 17. Nxe7 Kxe7 18. f3 Nd8 19. Rd3 Ne6 20. Rc3 a6 21.
Rd1 h5 22. h4 Raf8 23. Kd2 Kd7 24. Ke2 Rg8 25. Rh1 Rgf8 26. b4 Rg8 27. Ra3 Rgf8
28. Ra5 Kc8 29. Rd1 Rg8 30. b5 {Black resigns} 1-0

[Event "Team 45 45 League T63"]
[Site "Internet Chess Club"]
[Date "2015.01.08"]
[Round "6"]
[White "clarinetref"]
[Black "Holzschlange"]
[Result "0-1"]
[WhiteElo "1610"]
[BlackElo "1837"]
[Opening "Ruy Lopez: closed"]
[ECO "C90"]
[Time "20:03:58"]
[TimeControl "2700+45"]

1. e4 e5 2. Nf3 Nc6 3. Bb5 a6 4. Ba4 Nf6 5. O-O Be7 6. Re1 b5 7. Bb3 d6 8. h3
Na5 9. d4 exd4 10. Nxd4 c5 11. Bxf7+ Kxf7 12. Nf3 Re8 13. e5 dxe5 14. Nxe5+ Kg8
15. Qf3 Bb7 16. Qg3 Nc6 17. Bh6 Bf8 18. Bf4 Nxe5 19. Bxe5 Ne4 20. Qf4 Qd5 21. f3
Qxe5 22. Qxe5 Rxe5 23. fxe4 Rd8 24. Nc3 Rd2 25. Nd5 Bxd5 26. exd5 Rexd5 27. a4
b4 28. c4 Rf5 29. Rf1 Rxf1+ 30. Kxf1 Rxb2 {White resigns} 0-1

[Event "Team 45 45 League T63"]
[Site "Internet Chess Club"]
[Date "2015.01.09"]
[Round "6"]
[White "Warpdrive"]
[Black "drsigmund1"]
[Result "1-0"]
[WhiteElo "1650"]
[BlackElo "1490"]
[Opening "French: Winawer, advance variation"]
[ECO "C16"]
[Time "20:05:56"]
[TimeControl "2700+45"]

1. e4 e6 2. d4 d5 3. Nc3 Bb4 4. e5 Bd7 5. Qg4 Ne7 6. Qxg7 Rg8 7. Qxh7 c5 8. Bd2
cxd4 9. Ne4 Bxd2+ 10. Nxd2 Qc7 11. Ngf3 Nbc6 12. Nb3 Nxe5 13. Nbxd4 O-O-O 14.
Qh6 Kb8 15. Qd2 Nxf3+ 16. Nxf3 Nc6 17. O-O-O Ne5 18. Nxe5 Qxe5 19. g3 Rc8 20. f4
Qe4 21. Bd3 Qa4 22. Kb1 Rc5 23. a3 Rgc8 24. Rc1 R8c6 25. Qb4 Ra5 26. Qxa4 Rxa4
27. Bb5 Rac4 28. Bxc4 Rxc4 29. h3 b5 30. h4 a5 31. h5 b4 32. axb4 Rxb4 33. h6 a4
34. h7 a3 {Black resigns} 1-0

[Event "Team 45 45 League T63"]
[Site "Internet Chess Club"]
[Date "2015.01.10"]
[Round "6"]
[White "room-matt"]
[Black "ausya"]
[Result "1-0"]
[WhiteElo "1901"]
[BlackElo "1698"]
[Opening "Sicilian: accelerated fianchetto, Maróczy bind"]
[ECO "B36"]
[Time "13:02:54"]
[TimeControl "2700+45"]

1. e4 c5 2. Nf3 g6 3. d4 cxd4 4. Nxd4 Nc6 5. c4 d6 6. Nc3 Bg7 7. Be3 Nf6 8. Be2
O-O 9. O-O Nxd4 10. Bxd4 Be6 11. Rc1 Rc8 12. b3 Qa5 13. f4 Rfd8 14. Bf3 b6 15.
Rc2 Bd7 16. e5 dxe5 17. fxe5 Bf5 18. Rd2 Nd7 19. Nd5 Kf8 20. g4 Be6 21. Qe2 Nc5
22. b4 Qa6 23. bxc5 bxc5 24. Bf2 Bh6 25. Rc2 Bg7 26. h4 h6 27. Nf4 Bd7 28. h5 g5
29. Nd5 Be6 30. Qe4 Qa3 31. Nc3 Qa6 32. Be2 Kg8 33. Nd5 Rd7 34. Bd3 Kf8 35. Bg3
Qa3 36. Rcf2 Qa6 37. Qg6 f6 38. exf6 exf6 39. Rxf6+ Bxf6 40. Rxf6+ Rf7 41. Qxh6+
Kg8 42. Qg6+ Kf8 43. Qh6+ Kg8 44. Rg6+ Rg7 45. Qxg7# {Black checkmated} 1-0

[Event "Team 45 45 League T63"]
[Site "Internet Chess Club"]
[Date "2015.01.09"]
[Round "6"]
[White "tornado100"]
[Black "Goli"]
[Result "0-1"]
[WhiteElo "1665"]
[BlackElo "1886"]
[Opening "Pirc: classical (two knights) system"]
[ECO "B06"]
[Time "16:30:25"]
[TimeControl "2700+45"]

1. e4 g6 2. d4 Bg7 3. Nf3 d6 4. Nc3 Nf6 5. Be3 O-O 6. Bc4 Nc6 7. O-O Bg4 8. Qe2
a6 9. a4 e5 10. d5 Nd4 11. Bxd4 exd4 12. Na2 Re8 13. Bd3 Nxd5 14. h3 Nf4 15. Qd1
Bh5 16. Re1 Qf6 17. Kh2 Nxd3 18. Qxd3 Qf4+ 19. Kh1 Bxf3 20. Qxf3 Qxf3 21. gxf3
c5 22. Nc1 c4 23. Rd1 d5 24. exd5 Rad8 25. Kg2 Rxd5 26. Na2 a5 27. Nc3 Rg5+ 28.
Kh2 dxc3 29. bxc3 Bxc3 30. Rab1 Bb4 31. Rdc1 c3 32. Rd1 Re2 33. Rf1 Rxc2 {White
resigns} 0-1

[Event "Team 45 45 League T63"]
[Site "Internet Chess Club"]
[Date "2015.01.10"]
[Round "6"]
[White "zap2"]
[Black "anna"]
[Result "0-1"]
[WhiteElo "1662"]
[BlackElo "1804"]
[Opening "Benko's opening"]
[ECO "A00"]
[Time "10:14:22"]
[TimeControl "2700+45"]

1. g3 d5 2. Bg2 Nf6 3. Nf3 e6 4. O-O Be7 5. d3 c5 6. Nbd2 b6 7. e4 dxe4 8. dxe4
Bb7 9. Ne5 Nbd7 10. Nxd7 Qxd7 11. a3 O-O 12. e5 Ne8 13. Ne4 Rd8 14. Qe2 Qc7 15.
Bf4 Bxe4 16. Bxe4 g6 17. h4 Ng7 18. Rfe1 Rfe8 19. Bd3 Nh5 20. Bh6 Rc8 21. Rad1
c4 22. Be4 Qxe5 23. c3 Nf6 24. Qf3 Nxe4 25. Rxe4 Qc7 26. Rg4 Rcd8 27. h5 Rxd1+
28. Qxd1 Rd8 29. Qe2 b5 30. hxg6 hxg6 31. Qe4 Kh7 32. Bf4 Qd7 33. Be5 Qd1+ 34.
Kg2 Qd5 35. Qxd5 Rxd5 36. Bd4 f5 37. Rf4 e5 38. Bxe5 Rxe5 39. Rd4 Bc5 40. Rd7+
Kh6 41. Rb7 Bb6 42. Kf3 Rd5 43. Ke2 Kg5 44. Rh7 f4 45. gxf4+ Kxf4 46. Rf7+ Rf5
47. Rg7 g5 48. f3 Re5+ 49. Kf1 Kxf3 50. b4 cxb3 51. a4 b2 52. Rxa7 b1=Q# {White
checkmated} 0-1